IceHogs vs Bulldogs
Created - 25 janvier 2012 at 17:56
Goals
|
| IceHogs |
0 |
1 |
1 |
0 |
2 |
| Bulldogs |
0 |
0 |
2 |
1 |
3 |
|
Shots
|
| IceHogs |
6 |
12 |
6 |
0 |
24 |
| Bulldogs |
4 |
8 |
9 |
1 |
22 |
|
1st period
No Goal
Penalties :
Andy Sutton (CHI) for Hooking (Minor) at 7:43
2nd period
1. IceHogs , Scott Hartnell 16 (Vyacheslav Kozlov, Tyler Kennedy) at 1:55
Penalties :
Chris Thorburn (MTL) for Fighting (Major) at 0:33, Patrick Eaves (CHI) for Fighting (Major) at 0:33, Ron Hainsey (MTL) for Diving (Minor) at 3:27, Brent Burns (CHI) for Close Hand On Puck (Minor) at 11:31, Matt Hendricks (CHI) for Hooking (Minor) at 14:10, Andy Sutton (CHI) for High sticking (Minor) at 16:37
3rd period
2. IceHogs , Mikhail Grabovski 5 (Martin Erat) at 3:57 (PP)
3. Bulldogs , Chris Thorburn 2 (Ron Hainsey) at 10:33
4. Bulldogs , Craig Adams 8 (Devin Setoguchi) at 10:47
Penalties :
Eric Brewer (MTL) for Roughing (Double Minor) at 3:55, Cody McLeod (MTL) for Tripping (Minor) at 7:44, Craig Adams (MTL) for Fighting (Major) at 10:52, Mikhail Grabovski (CHI) for Fighting (Major) at 10:52
Overtime #1
5. Bulldogs , Ron Hainsey 7 (Colby Armstrong, Chris Mason) at 0:58
Penalties :
No Penalty
Goalie Stats
Dan Ellis (CHI), 18 saves from 18 shots - (1,000), 50:12 minutes
Jeff Deslauriers (CHI), 1 saves from 4 shots - (0,250), OTL, 2-1-1, 10:46 minutes
Chris Mason (MTL), 22 saves from 24 shots - (0,917), W, 3-3-2, 60:58 minutes
Players Stats for IceHogs
Player Name G A P +/- PIM S H SB GA TA FO MP PP MP PK MP
------------------------------------------------------------------------------------
Andy Sutton 0 0 0 -2 4 0 3 2 0 2 0/0 26:34 3:44 2:06
Brent Burns 0 0 0 0 2 0 1 1 2 1 0/0 20:28 2:15 3:08
Brett Carson 0 0 0 0 0 0 0 0 0 1 0/0 11:05 0:00 0:00
Dmitry Kulikov 0 0 0 0 0 0 2 0 2 1 0/0 14:14 0:00 2:42
Drew Miller 0 0 0 0 0 0 1 0 0 0 1/1 6:44 0:00 0:00
Enver Lisin 0 0 0 0 0 1 1 2 1 0 0/0 10:15 0:00 0:00
Jack Johnson 0 0 0 0 0 0 0 1 0 0 0/0 21:09 2:15 3:28
Jesse Winchester 0 0 0 0 0 0 0 0 0 0 0/0 0:20 0:00 0:00
Mark Eaton 0 0 0 -2 0 2 1 1 2 2 0/0 28:44 3:44 4:28
Martin Erat 0 1 1 -2 0 3 2 0 2 0 5/9 26:38 3:43 3:49
Matt Hendricks 0 0 0 0 2 1 3 0 0 0 0/4 12:14 0:03 0:00
Maxwell Reinhart 0 0 0 0 0 2 1 0 0 0 2/3 9:41 0:00 1:50
Mike Grier 0 0 0 -2 0 0 2 0 0 0 0/1 17:46 3:56 0:00
Mikhail Grabovski 1 0 1 -3 5 4 2 0 0 0 11/24 18:38 3:53 2:50
Patrick Eaves 0 0 0 0 5 2 0 0 0 0 0/0 15:08 2:00 0:00
Scott Hartnell 1 0 1 1 0 3 3 0 1 0 0/1 21:29 2:00 3:51
Tyler Kennedy 0 1 1 0 0 4 1 0 2 0 7/11 18:51 2:00 2:12
Vyacheslav Kozlov 0 1 1 1 0 2 0 0 0 0 0/1 15:52 0:22 1:20
Players Stats for Bulldogs
Player Name G A P +/- PIM S H SB GA TA FO MP PP MP PK MP
------------------------------------------------------------------------------------
Chris Thorburn 1 0 1 2 5 2 2 0 0 1 10/30 23:52 4:10 2:08
Christian Thomas 0 0 0 0 0 0 1 0 0 0 0/0 0:54 0:00 0:00
Cody McLeod 0 0 0 0 2 3 4 0 0 0 1/1 18:55 3:37 0:15
Colby Armstrong 0 1 1 -1 0 0 2 0 0 2 1/1 25:41 4:20 3:12
Colin Fraser 0 0 0 0 0 2 1 0 0 1 3/5 18:06 3:34 0:17
Craig Adams 1 0 1 2 5 1 0 1 0 1 0/1 22:19 4:16 2:23
Devin Setoguchi 0 1 1 1 0 0 0 0 2 0 2/2 21:27 0:00 0:17
Eric Brewer 0 0 0 2 4 0 2 0 1 3 0/0 27:13 2:56 2:18
Ian Laperriere 0 0 0 0 0 0 3 0 0 0 0/0 7:48 1:12 0:00
John Mitchell 0 0 0 0 0 4 0 0 0 0 9/11 18:07 2:27 0:00
Jonathan Ericsson 0 0 0 0 0 0 0 0 0 0 0/0 6:58 0:19 0:47
Kent Huskins 0 0 0 0 0 2 0 3 2 2 0/0 29:47 4:41 4:02
Luca Caputi 0 0 0 1 0 0 4 0 0 1 1/2 14:34 0:03 1:47
Michael Grabner 0 0 0 0 0 0 0 0 0 0 0/0 0:21 0:00 0:00
Paul Martin 0 0 0 -1 0 5 0 0 1 1 0/0 22:32 3:21 2:33
Radko Gudas 0 0 0 0 0 0 0 0 0 0 0/0 3:12 0:00 0:00
Ron Hainsey 1 1 2 3 2 3 1 1 1 0 0/0 31:40 4:35 2:18
Wayne Primeau 0 0 0 0 0 0 0 0 0 0 2/2 4:22 0:09 1:39
3 Stars
1 - Dan Ellis (CHI)
2 - Ron Hainsey (MTL)
3 - Scott Hartnell (CHI)
Power Play
IceHogs - 1 on 4 Attempt(s) - 25,00%
Bulldogs - 0 on 4 Attempt(s) - 0,00%
Penalty Kill
IceHogs - 4 on 4 Attempt(s) - 100,00%
- Score 0 goal in Penalty Kill
Bulldogs - 3 on 4 Attempt(s) - 75,00%
- Score 0 goal in Penalty Kill
Official
Referees : Tim Peel and Brad Watson
Linesman : Jean Morin and Scott Driscoll
Game Notes
Chris Thorburn beats up Patrick Eaves at 0:33 of 2nd period
Dan Ellis is injured at 10:12 of 3rd period (Strained Left Knee)
Jeff Deslauriers enters game at 10:12 of 3rd period
Craig Adams and Mikhail Grabovski fight to a draw at 10:52 of 3rd period
IceHogs
5 vs 5 Forward
Center Left Wing Right Wing Time % Phy DF OF
1 Mikhail Grabovski Martin Erat Mike Grier 40 1 2 2
2 Tyler Kennedy Scott Hartnell Patrick Eaves 30 1 2 2
3 Matt Hendricks Vyacheslav Kozlov Enver Lisin 20 1 2 2
4 Maxwell Reinhart Drew Miller Martin Erat 10 1 2 2
5 vs 5 Defense
Defense Defense Time % Phy DF OF
1 Andy Sutton Mark Eaton 40 1 2 2
2 Jack Johnson Brent Burns 30 1 2 2
3 Brett Carson Dmitry Kulikov 20 1 2 2
4 Andy Sutton Mark Eaton 10 1 2 2
PowerPlay Forward
Center Left Wing Right Wing Time % Phy DF OF
1 Mikhail Grabovski Martin Erat Mike Grier 60 1 2 2
2 Tyler Kennedy Scott Hartnell Patrick Eaves 40 1 2 2
PowerPlay Defense
Defense Defense Time % Phy DF OF
1 Andy Sutton Mark Eaton 60 1 2 2
2 Jack Johnson Brent Burns 40 1 2 2
Penalty Kill 4 Players Forward
Center Wing Time % Phy DF OF
1 Martin Erat Scott Hartnell 60 1 2 2
2 Mikhail Grabovski Tyler Kennedy 40 1 2 2
Penalty Kill 4 Players Defense
Defense Defense Time % Phy DF OF
1 Andy Sutton Mark Eaton 60 1 2 2
2 Jack Johnson Brent Burns 40 1 2 2
Penalty Kill - 3 Players Forward
Forward Time % Phy DF OF
1 Martin Erat 60 1 2 2
2 Scott Hartnell 40 1 2 2
Penalty Kill - 3 Players Defense
Defense Defense Time % Phy DF OF
1 Andy Sutton Mark Eaton 60 1 2 2
2 Jack Johnson Brent Burns 40 1 2 2
4 vs 4 Forward
Center Wing Time % Phy DF OF
1 Martin Erat Scott Hartnell 60 1 2 2
2 Mikhail Grabovski Tyler Kennedy 40 1 2 2
4 vs 4 Defense
Defense Defense Time % Phy DF OF
1 Andy Sutton Mark Eaton 60 1 2 2
2 Jack Johnson Brent Burns 40 1 2 2
Last Minutes Offensive
Center Left Wing Right Wing Defense Defense
Mikhail Grabovski Martin Erat Mike Grier Andy Sutton Mark Eaton
Last Minutes Defensive
Center Left Wing Right Wing Defense Defense
Mikhail Grabovski Martin Erat Mike Grier Andy Sutton Mark Eaton
Goaltenders
Starting : Dan Ellis
Backup : Jeff Deslauriers
Extra Forwards
Normal : Vyacheslav Kozlov, Matt Hendricks, Maxwell Reinhart - PP : Vyacheslav Kozlov, Matt Hendricks - PK : Maxwell Reinhart
Extra Defensemen
Normal : Brett Carson, Dmitry Kulikov, Jack Johnson - PP : Brett Carson - PK : Dmitry Kulikov, Jack Johnson
Penalty Shots
Martin Erat, Scott Hartnell, Mikhail Grabovski, Tyler Kennedy, Mike Grier
Bulldogs
5 vs 5 Forward
Center Left Wing Right Wing Time % Phy DF OF
1 Chris Thorburn Craig Adams Devin Setoguchi 40 1 2 2
2 Colin Fraser Cody McLeod Colby Armstrong 30 1 2 2
3 John Mitchell Luca Caputi Devin Setoguchi 20 1 2 2
4 Chris Thorburn Colby Armstrong Devin Setoguchi 10 1 2 2
5 vs 5 Defense
Defense Defense Time % Phy DF OF
1 Eric Brewer Ron Hainsey 40 1 2 2
2 Kent Huskins Paul Martin 30 1 2 2
3 Eric Brewer Ron Hainsey 20 1 2 2
4 Kent Huskins Ron Hainsey 10 1 2 2
PowerPlay Forward
Center Left Wing Right Wing Time % Phy DF OF
1 Chris Thorburn Craig Adams Colby Armstrong 60 1 2 2
2 Colin Fraser Cody McLeod Colby Armstrong 40 1 2 2
PowerPlay Defense
Defense Defense Time % Phy DF OF
1 Kent Huskins Ron Hainsey 60 1 2 2
2 Kent Huskins Paul Martin 40 1 2 2
Penalty Kill 4 Players Forward
Center Wing Time % Phy DF OF
1 Chris Thorburn Colby Armstrong 60 1 2 2
2 Devin Setoguchi Chris Thorburn 40 1 2 2
Penalty Kill 4 Players Defense
Defense Defense Time % Phy DF OF
1 Kent Huskins Ron Hainsey 60 1 2 2
2 Kent Huskins Paul Martin 40 1 2 2
Penalty Kill - 3 Players Forward
Forward Time % Phy DF OF
1 Colby Armstrong 60 1 2 2
2 Colby Armstrong 40 1 2 2
Penalty Kill - 3 Players Defense
Defense Defense Time % Phy DF OF
1 Kent Huskins Ron Hainsey 60 1 2 2
2 Kent Huskins Paul Martin 40 1 2 2
4 vs 4 Forward
Center Wing Time % Phy DF OF
1 Chris Thorburn Colby Armstrong 60 1 2 2
2 Devin Setoguchi Chris Thorburn 40 1 2 2
4 vs 4 Defense
Defense Defense Time % Phy DF OF
1 Kent Huskins Ron Hainsey 60 1 2 2
2 Kent Huskins Paul Martin 40 1 2 2
Last Minutes Offensive
Center Left Wing Right Wing Defense Defense
Chris Thorburn Craig Adams Colby Armstrong Kent Huskins Ron Hainsey
Last Minutes Defensive
Center Left Wing Right Wing Defense Defense
Chris Thorburn Craig Adams Colby Armstrong Kent Huskins Ron Hainsey
Goaltenders
Starting : Chris Mason
Backup : Yann Danis
Extra Forwards
Normal : John Mitchell, Colby Armstrong, Luca Caputi - PP : John Mitchell, Colby Armstrong - PK : Luca Caputi
Extra Defensemen
Normal : Eric Brewer, Ron Hainsey, Kent Huskins - PP : Eric Brewer - PK : Ron Hainsey, Kent Huskins
Penalty Shots
Craig Adams, Colby Armstrong, Devin Setoguchi, Chris Thorburn, Colin Fraser
% Time on Ice - IceHogs
Lines # - Real PCT - Wanted PCT - Time Play
Normal Forward
1 - 30% - 40% - 13:42
2 - 35% - 30% - 15:56
3 - 22% - 20% - 10:00
4 - 14% - 10% - 6:27
Normal Defense
1 - 40% - 40% - 18:28
2 - 33% - 30% - 15:00
3 - 24% - 20% - 11:05
4 - 3% - 10% - 1:32
PP Forward
1 - 67% - 60% - 3:59
2 - 33% - 40% - 2:00
PP Defense
1 - 62% - 60% - 3:44
2 - 38% - 40% - 2:15
PK Forward
1 - 72% - 60% - 5:44
2 - 28% - 40% - 2:12
PK Defense
1 - 61% - 60% - 4:52
2 - 39% - 40% - 3:04
PK3 Forward
1 - 0% - 60%
2 - 0% - 40%
PK3 Defense
1 - 0% - 60%
2 - 0% - 40%
44 Forward
1 - 90% - 60% - 0:52
2 - 10% - 40% - 0:06
44 Defense
1 - 90% - 60% - 0:52
2 - 10% - 40% - 0:06
Last Minute Offensive - 0:00
Last Minute Defensive - 0:00
Total
Forward - 60:58
Defense - 60:58
|
% Time on Ice - Bulldogs
Lines # - Real PCT - Wanted PCT - Time Play
Normal Forward
1 - 41% - 40% - 19:01
2 - 35% - 30% - 16:09
3 - 21% - 20% - 9:37
4 - 3% - 10% - 1:18
Normal Defense
1 - 41% - 40% - 18:51
2 - 37% - 30% - 17:11
3 - 14% - 20% - 6:23
4 - 8% - 10% - 3:40
PP Forward
1 - 55% - 60% - 4:22
2 - 45% - 40% - 3:34
PP Defense
1 - 60% - 60% - 4:44
2 - 40% - 40% - 3:12
PK Forward
1 - 95% - 60% - 5:42
2 - 5% - 40% - 0:17
PK Defense
1 - 72% - 60% - 4:17
2 - 28% - 40% - 1:42
PK3 Forward
1 - 0% - 60%
2 - 0% - 40%
PK3 Defense
1 - 0% - 60%
2 - 0% - 40%
44 Forward
1 - 100% - 60% - 0:58
2 - 0% - 40% - 0:00
44 Defense
1 - 100% - 60% - 0:58
2 - 0% - 40% - 0:00
Last Minute Offensive - 0:00
Last Minute Defensive - 0:00
Total
Forward - 60:58
Defense - 60:58
|
Play by Play
1st period
0:01 of 1st period - Chris Thorburn wins face-off versus Mikhail Grabovski in neutral zone.
0:34 of 1st period - Slapshot by Tyler Kennedy.
0:34 of 1st period - Shot Misses the Net.
0:36 of 1st period - Slapshot by Mark Eaton.
0:36 of 1st period - Stopped by Chris Mason with a rebound.
0:49 of 1st period - Off-side.
0:50 of 1st period - John Mitchell wins face-off versus Matt Hendricks in neutral zone.
0:53 of 1st period - Matt Hendricks is hit by Luca Caputi and loses puck.
1:54 of 1st period - Chris Thorburn is hit by Dmitry Kulikov and loses puck.
2:42 of 1st period - Wrist shot by Maxwell Reinhart.
2:42 of 1st period - Shot Misses the Net.
2:44 of 1st period - Snap shot by Martin Erat.
2:44 of 1st period - Deflect By Maxwell Reinhart.
2:44 of 1st period - Shot Misses the Net.
2:44 of 1st period - Puck is out of play.
2:45 of 1st period - Drew Miller wins face-off versus Chris Thorburn in Bulldogs zone.
3:12 of 1st period - Patrick Eaves is hit by Colby Armstrong and loses puck.
3:50 of 1st period - Brent Burns is hit by Ian Laperriere.
6:37 of 1st period - Colin Fraser is hit by Andy Sutton and loses puck.
7:14 of 1st period - Snap shot by Matt Hendricks.
7:14 of 1st period - Shot Misses the Net.
7:32 of 1st period - Snap shot by Scott Hartnell.
7:32 of 1st period - Shot Misses the Net.
7:43 of 1st period - Minor Penalty to Andy Sutton for Hooking.
7:44 of 1st period - Colby Armstrong wins face-off versus Martin Erat in IceHogs zone.
8:54 of 1st period - Kent Huskins is hit by Maxwell Reinhart.
9:43 of 1st period - Penalty to Andy Sutton is over, Andy Sutton is back on ice.
9:55 of 1st period - Mark Eaton is hit by Luca Caputi.
10:26 of 1st period - Snap shot by Scott Hartnell.
10:26 of 1st period - Deflect By Tyler Kennedy.
10:26 of 1st period - Stopped by Chris Mason without a rebound.
10:27 of 1st period - Colin Fraser wins face-off versus Tyler Kennedy in Bulldogs zone.
10:42 of 1st period - Tyler Kennedy is hit by Cody McLeod.
10:51 of 1st period - Icing by Ron Hainsey.
10:52 of 1st period - John Mitchell wins face-off versus Mikhail Grabovski in Bulldogs zone.
11:01 of 1st period - Slapshot by Paul Martin.
11:01 of 1st period - Shot Blocked by Jack Johnson.
11:03 of 1st period - Wrist shot by Paul Martin.
11:03 of 1st period - Stopped by Dan Ellis with a rebound.
11:05 of 1st period - Slapshot by Paul Martin.
11:05 of 1st period - Stopped by Dan Ellis with a rebound.
11:07 of 1st period - Snap shot by Kent Huskins.
11:07 of 1st period - Stopped by Dan Ellis with a rebound.
11:22 of 1st period - Jack Johnson is hit by Eric Brewer and loses puck.
11:37 of 1st period - Tyler Kennedy is hit by Cody McLeod and loses puck.
12:17 of 1st period - Paul Martin is hit by Enver Lisin and loses puck.
12:22 of 1st period - Backhand shot by Matt Hendricks.
12:22 of 1st period - Stopped by Chris Mason without a rebound.
12:23 of 1st period - Chris Thorburn wins face-off versus Mikhail Grabovski in Bulldogs zone.
13:01 of 1st period - Scott Hartnell is hit by Luca Caputi.
13:13 of 1st period - Snap shot by Martin Erat.
13:13 of 1st period - Shot Misses the Net.
13:39 of 1st period - Craig Adams is hit by Drew Miller and loses puck.
14:44 of 1st period - Ron Hainsey is hit by Scott Hartnell and loses puck.
14:49 of 1st period - Wrist shot by Scott Hartnell.
14:49 of 1st period - Stopped by Chris Mason without a rebound.
14:50 of 1st period - Chris Thorburn wins face-off versus Tyler Kennedy in Bulldogs zone.
14:55 of 1st period - Tyler Kennedy is hit by Chris Thorburn.
15:24 of 1st period - Snap shot by Martin Erat.
15:24 of 1st period - Shot Misses the Net.
15:34 of 1st period - Snap shot by Vyacheslav Kozlov.
15:34 of 1st period - Stopped by Chris Mason with a rebound.
19:12 of 1st period - Craig Adams is hit by Tyler Kennedy and loses puck.
19:32 of 1st period - Icing by Vyacheslav Kozlov.
19:33 of 1st period - Wayne Primeau wins face-off versus Matt Hendricks in IceHogs zone.
19:34 of 1st period - Slapshot by Paul Martin.
19:34 of 1st period - Stopped by Dan Ellis without a rebound.
19:35 of 1st period - Wayne Primeau wins face-off versus Matt Hendricks in IceHogs zone.
19:48 of 1st period - Backhand shot by Enver Lisin.
19:48 of 1st period - Stopped by Chris Mason with a rebound.
19:50 of 1st period - Slapshot by Brett Carson.
19:50 of 1st period - Shot Blocked by Ron Hainsey.
2nd period
0:01 of 2nd period - Chris Thorburn wins face-off versus Mikhail Grabovski in neutral zone.
0:14 of 2nd period - Snap shot by Chris Thorburn.
0:14 of 2nd period - Stopped by Dan Ellis without a rebound.
0:15 of 2nd period - Mikhail Grabovski wins face-off versus Chris Thorburn in IceHogs zone.
0:22 of 2nd period - Snap shot by Devin Setoguchi.
0:22 of 2nd period - Shot Blocked by Andy Sutton.
0:33 of 2nd period - Chris Thorburn beats up Patrick Eaves.
0:33 of 2nd period - Penalty to Chris Thorburn for Fighting.
0:33 of 2nd period - Penalty to Patrick Eaves for Fighting.
0:34 of 2nd period - John Mitchell wins face-off versus Mikhail Grabovski in neutral zone.
0:36 of 2nd period - Ron Hainsey is hit by Martin Erat and loses puck.
0:45 of 2nd period - Snap shot by Mikhail Grabovski.
0:45 of 2nd period - Stopped by Chris Mason without a rebound.
0:46 of 2nd period - John Mitchell wins face-off versus Mikhail Grabovski in Bulldogs zone.
1:34 of 2nd period - Wrist shot by Cody McLeod.
1:34 of 2nd period - Stopped by Dan Ellis with a rebound.
1:39 of 2nd period - Off-side.
1:40 of 2nd period - Tyler Kennedy wins face-off versus John Mitchell in neutral zone.
1:55 of 2nd period - Wrist shot by Scott Hartnell.
1:55 of 2nd period - Goal by Scott Hartnell - IceHogs : 1 - Bulldogs : 0.
1:56 of 2nd period - John Mitchell wins face-off versus Mikhail Grabovski in neutral zone.
2:07 of 2nd period - Slapshot by Mike Grier.
2:07 of 2nd period - Shot Misses the Net.
2:23 of 2nd period - Scott Hartnell is hit by Colin Fraser and loses puck.
2:28 of 2nd period - Slapshot by Paul Martin.
2:28 of 2nd period - Stopped by Dan Ellis without a rebound.
2:29 of 2nd period - John Mitchell wins face-off versus Vyacheslav Kozlov in IceHogs zone.
2:38 of 2nd period - Snap shot by John Mitchell.
2:38 of 2nd period - Stopped by Dan Ellis with a rebound.
2:42 of 2nd period - Slapshot by Paul Martin.
2:42 of 2nd period - Stopped by Dan Ellis without a rebound.
2:43 of 2nd period - John Mitchell wins face-off versus Mikhail Grabovski in IceHogs zone.
3:08 of 2nd period - Colby Armstrong is hit by Scott Hartnell and loses puck.
3:12 of 2nd period - Icing by Kent Huskins.
3:13 of 2nd period - Colin Fraser wins face-off versus Scott Hartnell in Bulldogs zone.
3:27 of 2nd period - Minor Penalty to Ron Hainsey for Diving.
3:28 of 2nd period - Luca Caputi wins face-off versus Mike Grier in Bulldogs zone.
3:33 of 2nd period - Slapshot by Kent Huskins.
3:33 of 2nd period - Deflect By Colby Armstrong.
3:33 of 2nd period - Shot Blocked by Mark Eaton.
3:33 of 2nd period - Puck is out of play.
3:34 of 2nd period - Mikhail Grabovski wins face-off versus Luca Caputi in IceHogs zone.
3:44 of 2nd period - Colby Armstrong is hit by Andy Sutton and loses puck.
4:42 of 2nd period - Eric Brewer is hit by Mike Grier and loses puck.
4:51 of 2nd period - Wrist shot by Martin Erat.
4:51 of 2nd period - Shot Blocked by Kent Huskins.
5:13 of 2nd period - Icing by Brent Burns.
5:14 of 2nd period - Colin Fraser wins face-off versus Mikhail Grabovski in IceHogs zone.
5:21 of 2nd period - Paul Martin is hit by Martin Erat and loses puck.
5:27 of 2nd period - Penalty to Ron Hainsey is over, Ron Hainsey is back on ice.
5:36 of 2nd period - Wrist shot by Martin Erat.
5:36 of 2nd period - Stopped by Chris Mason without a rebound.
5:37 of 2nd period - Tyler Kennedy wins face-off versus Chris Thorburn in Bulldogs zone.
5:38 of 2nd period - Snap shot by Scott Hartnell.
5:38 of 2nd period - Shot Misses the Net.
5:40 of 2nd period - Snap shot by Patrick Eaves.
5:40 of 2nd period - Stopped by Chris Mason without a rebound.
5:41 of 2nd period - Tyler Kennedy wins face-off versus Chris Thorburn in Bulldogs zone.
5:52 of 2nd period - Snap shot by Tyler Kennedy.
5:52 of 2nd period - Stopped by Chris Mason without a rebound.
5:53 of 2nd period - Chris Thorburn wins face-off versus Tyler Kennedy in Bulldogs zone.
6:04 of 2nd period - Wrist shot by Ron Hainsey.
6:04 of 2nd period - Shot Blocked by Andy Sutton.
6:20 of 2nd period - Ron Hainsey is hit by Matt Hendricks and loses puck.
6:49 of 2nd period - Off-side.
6:50 of 2nd period - Chris Thorburn wins face-off versus Tyler Kennedy in neutral zone.
7:32 of 2nd period - Snap shot by Cody McLeod.
7:32 of 2nd period - Shot Misses the Net.
7:54 of 2nd period - Snap shot by Martin Erat.
7:54 of 2nd period - Stopped by Chris Mason with a rebound.
8:26 of 2nd period - Vyacheslav Kozlov is hit by Luca Caputi and loses puck.
8:41 of 2nd period - Wrist shot by Martin Erat.
8:41 of 2nd period - Stopped by Chris Mason without a rebound.
8:42 of 2nd period - Mikhail Grabovski wins face-off versus Chris Thorburn in Bulldogs zone.
8:45 of 2nd period - Snap shot by Mikhail Grabovski.
8:45 of 2nd period - Stopped by Chris Mason with a rebound.
8:47 of 2nd period - Snap shot by Mikhail Grabovski.
8:47 of 2nd period - Deflect By Paul Martin.
8:47 of 2nd period - Shot Misses the Net.
8:47 of 2nd period - Puck is out of play.
8:48 of 2nd period - Tyler Kennedy wins face-off versus Colin Fraser in Bulldogs zone.
9:05 of 2nd period - Wrist shot by Tyler Kennedy.
9:05 of 2nd period - Shot Misses the Net.
9:21 of 2nd period - Snap shot by Tyler Kennedy.
9:21 of 2nd period - Shot Blocked by Kent Huskins.
9:50 of 2nd period - Snap shot by Tyler Kennedy.
9:50 of 2nd period - Stopped by Chris Mason with a rebound.
10:16 of 2nd period - Slapshot by Maxwell Reinhart.
10:16 of 2nd period - Stopped by Chris Mason with a rebound.
10:27 of 2nd period - Icing by Maxwell Reinhart.
10:28 of 2nd period - Maxwell Reinhart wins face-off versus Chris Thorburn in IceHogs zone.
10:38 of 2nd period - Icing by Craig Adams.
10:39 of 2nd period - Devin Setoguchi wins face-off versus Mikhail Grabovski in Bulldogs zone.
11:06 of 2nd period - Ron Hainsey is hit by Matt Hendricks and loses puck.
11:11 of 2nd period - Snap shot by Vyacheslav Kozlov.
11:11 of 2nd period - Shot Blocked by Craig Adams.
11:13 of 2nd period - Wrist shot by Vyacheslav Kozlov.
11:13 of 2nd period - Stopped by Chris Mason with a rebound.
11:25 of 2nd period - Backhand shot by Colin Fraser.
11:25 of 2nd period - Stopped by Dan Ellis with a rebound.
11:27 of 2nd period - Snap shot by Kent Huskins.
11:27 of 2nd period - Stopped by Dan Ellis without a rebound.
11:28 of 2nd period - Mikhail Grabovski wins face-off versus Colin Fraser in IceHogs zone.
11:28 of 2nd period - Mikhail Grabovski is hit by Cody McLeod.
11:31 of 2nd period - Minor Penalty to Brent Burns for Close Hand On Puck.
11:32 of 2nd period - Martin Erat wins face-off versus Chris Thorburn in IceHogs zone.
12:47 of 2nd period - Kent Huskins is hit by Mikhail Grabovski and loses puck.
13:04 of 2nd period - Ian Laperriere is hit by Andy Sutton and loses puck.
13:31 of 2nd period - Penalty to Brent Burns is over, Brent Burns is back on ice.
13:45 of 2nd period - John Mitchell is hit by Matt Hendricks.
13:54 of 2nd period - Icing by Dmitry Kulikov.
13:55 of 2nd period - Mikhail Grabovski wins face-off versus John Mitchell in IceHogs zone.
14:10 of 2nd period - Minor Penalty to Matt Hendricks for Hooking.
14:11 of 2nd period - Martin Erat wins face-off versus Chris Thorburn in IceHogs zone.
14:11 of 2nd period - Martin Erat is hit by Colby Armstrong.
14:44 of 2nd period - Slapshot by Cody McLeod.
14:44 of 2nd period - Stopped by Dan Ellis with a rebound.
14:46 of 2nd period - Slapshot by Colby Armstrong.
14:46 of 2nd period - Shot Misses the Net.
15:15 of 2nd period - Snap shot by Mikhail Grabovski.
15:15 of 2nd period - Stopped by Chris Mason with a rebound.
16:10 of 2nd period - Penalty to Matt Hendricks is over, Matt Hendricks is back on ice.
16:37 of 2nd period - Minor Penalty to Andy Sutton for High sticking.
16:38 of 2nd period - Martin Erat wins face-off versus Chris Thorburn in IceHogs zone.
18:37 of 2nd period - Penalty to Andy Sutton is over, Andy Sutton is back on ice.
19:26 of 2nd period - Backhand shot by Matt Hendricks.
19:26 of 2nd period - Shot Misses the Net.
19:49 of 2nd period - Colin Fraser is hit by Brent Burns.
3rd period
0:01 of 3rd period - Mikhail Grabovski wins face-off versus Chris Thorburn in neutral zone.
0:14 of 3rd period - Snap shot by Ron Hainsey.
0:14 of 3rd period - Stopped by Dan Ellis with a rebound.
0:16 of 3rd period - Wrist shot by Devin Setoguchi.
0:16 of 3rd period - Shot Misses the Net.
0:31 of 3rd period - Slapshot by Kent Huskins.
0:31 of 3rd period - Deflect By Colin Fraser.
0:31 of 3rd period - Deflect By Mark Eaton.
0:31 of 3rd period - Shot Misses the Net.
0:31 of 3rd period - Puck is out of play.
0:32 of 3rd period - Mikhail Grabovski wins face-off versus Chris Thorburn in IceHogs zone.
0:32 of 3rd period - Mikhail Grabovski is hit by Chris Thorburn.
1:00 of 3rd period - Slapshot by Colby Armstrong.
1:00 of 3rd period - Shot Misses the Net.
1:06 of 3rd period - Snap shot by Patrick Eaves.
1:06 of 3rd period - Shot Blocked by Kent Huskins.
1:20 of 3rd period - Snap shot by John Mitchell.
1:20 of 3rd period - Stopped by Dan Ellis with a rebound.
1:24 of 3rd period - Snap shot by Devin Setoguchi.
1:24 of 3rd period - Shot Blocked by Enver Lisin.
1:26 of 3rd period - Slapshot by Kent Huskins.
1:26 of 3rd period - Shot Blocked by Enver Lisin.
2:58 of 3rd period - Backhand shot by Scott Hartnell.
2:58 of 3rd period - Stopped by Chris Mason with a rebound.
3:00 of 3rd period - Wrist shot by Patrick Eaves.
3:00 of 3rd period - Stopped by Chris Mason with a rebound.
3:03 of 3rd period - Icing by Ian Laperriere.
3:04 of 3rd period - John Mitchell wins face-off versus Martin Erat in Bulldogs zone.
3:55 of 3rd period - Double Minor Penalty to Eric Brewer for Roughing.
3:56 of 3rd period - Mikhail Grabovski wins face-off versus Chris Thorburn in Bulldogs zone.
3:57 of 3rd period - Slapshot by Martin Erat.
3:57 of 3rd period - Deflect By Mikhail Grabovski.
3:57 of 3rd period - Goal by Mikhail Grabovski - IceHogs : 2 - Bulldogs : 0.
3:58 of 3rd period - Mikhail Grabovski wins face-off versus Chris Thorburn in neutral zone.
5:57 of 3rd period - Penalty to Eric Brewer is over, Eric Brewer is back on ice.
6:08 of 3rd period - Wrist shot by John Mitchell.
6:08 of 3rd period - Stopped by Dan Ellis with a rebound.
6:10 of 3rd period - Snap shot by Eric Brewer.
6:10 of 3rd period - Shot Misses the Net.
6:12 of 3rd period - Snap shot by Kent Huskins.
6:12 of 3rd period - Shot Blocked by Brent Burns.
6:14 of 3rd period - Snap shot by John Mitchell.
6:14 of 3rd period - Stopped by Dan Ellis with a rebound.
6:17 of 3rd period - Icing by Brent Burns.
6:18 of 3rd period - John Mitchell wins face-off versus Matt Hendricks in IceHogs zone.
6:52 of 3rd period - Drew Miller is hit by Cody McLeod and loses puck.
7:18 of 3rd period - Wrist shot by Maxwell Reinhart.
7:18 of 3rd period - Stopped by Chris Mason with a rebound.
7:44 of 3rd period - Minor Penalty to Cody McLeod for Tripping.
7:45 of 3rd period - Tyler Kennedy wins face-off versus Chris Thorburn in Bulldogs zone.
7:46 of 3rd period - Wrist shot by Scott Hartnell.
7:46 of 3rd period - Shot Misses the Net.
7:48 of 3rd period - Snap shot by Mark Eaton.
7:48 of 3rd period - Stopped by Chris Mason with a rebound.
7:50 of 3rd period - Wrist shot by Scott Hartnell.
7:50 of 3rd period - Deflect By Tyler Kennedy.
7:50 of 3rd period - Stopped by Chris Mason without a rebound.
7:51 of 3rd period - Tyler Kennedy wins face-off versus Chris Thorburn in Bulldogs zone.
7:56 of 3rd period - Wrist shot by Tyler Kennedy.
7:56 of 3rd period - Deflect By Scott Hartnell.
7:56 of 3rd period - Shot Misses the Net.
7:56 of 3rd period - Puck is out of play.
7:57 of 3rd period - Tyler Kennedy wins face-off versus Chris Thorburn in Bulldogs zone.
9:44 of 3rd period - Penalty to Cody McLeod is over, Cody McLeod is back on ice.
10:06 of 3rd period - Wrist shot by Colin Fraser.
10:06 of 3rd period - Stopped by Dan Ellis without a rebound.
10:07 of 3rd period - Cody McLeod wins face-off versus Maxwell Reinhart in IceHogs zone.
10:12 of 3rd period - Snap shot by Cody McLeod.
10:12 of 3rd period - Stopped by Dan Ellis with a rebound.
10:12 of 3rd period - Dan Ellis from IceHogs is injured at 10:12 of 3rd period (Strained Left Knee).
10:12 of 3rd period - Jeff Deslauriers enters game.
10:13 of 3rd period - Mikhail Grabovski wins face-off versus Craig Adams in IceHogs zone.
10:25 of 3rd period - Off-side.
10:26 of 3rd period - Chris Thorburn wins face-off versus Mikhail Grabovski in neutral zone.
10:31 of 3rd period - Slapshot by Ron Hainsey.
10:31 of 3rd period - Shot Misses the Net.
10:33 of 3rd period - Snap shot by Chris Thorburn.
10:33 of 3rd period - Goal by Chris Thorburn - IceHogs : 2 - Bulldogs : 1.
10:34 of 3rd period - Mikhail Grabovski wins face-off versus Chris Thorburn in neutral zone.
10:45 of 3rd period - Snap shot by Devin Setoguchi.
10:45 of 3rd period - Deflect By Mike Grier.
10:45 of 3rd period - Shot Misses the Net.
10:45 of 3rd period - Puck is out of play.
10:46 of 3rd period - Devin Setoguchi wins face-off versus Martin Erat in IceHogs zone.
10:47 of 3rd period - Snap shot by Craig Adams.
10:47 of 3rd period - Goal by Craig Adams - IceHogs : 2 - Bulldogs : 2.
10:48 of 3rd period - Chris Thorburn wins face-off versus Mikhail Grabovski in neutral zone.
10:52 of 3rd period - Craig Adams and Mikhail Grabovski fight to a draw.
10:52 of 3rd period - Penalty to Craig Adams for Fighting.
10:52 of 3rd period - Penalty to Mikhail Grabovski for Fighting.
10:53 of 3rd period - Martin Erat wins face-off versus Chris Thorburn in IceHogs zone.
10:53 of 3rd period - Martin Erat is hit by Ron Hainsey.
11:30 of 3rd period - Slapshot by Ron Hainsey.
11:30 of 3rd period - Stopped by Jeff Deslauriers with a rebound.
12:49 of 3rd period - Mark Eaton is hit by Eric Brewer and loses puck.
13:14 of 3rd period - Matt Hendricks is hit by Ian Laperriere and loses puck.
14:10 of 3rd period - Jack Johnson is hit by Ian Laperriere and loses puck.
14:42 of 3rd period - Chris Thorburn is hit by Scott Hartnell and loses puck.
15:03 of 3rd period - Scott Hartnell is hit by Christian Thomas and loses puck.
15:16 of 3rd period - Colby Armstrong is hit by Mike Grier and loses puck.
16:16 of 3rd period - Craig Adams is hit by Mikhail Grabovski and loses puck.
17:40 of 3rd period - Icing by Mark Eaton.
17:41 of 3rd period - Maxwell Reinhart wins face-off versus Chris Thorburn in IceHogs zone.
18:06 of 3rd period - Snap shot by Matt Hendricks.
18:06 of 3rd period - Shot Misses the Net.
19:14 of 3rd period - Icing by Ron Hainsey.
19:15 of 3rd period - Chris Thorburn wins face-off versus Mikhail Grabovski in Bulldogs zone.
19:46 of 3rd period - Colby Armstrong is hit by Dmitry Kulikov and loses puck.
Overtime #1
0:01 of 1st overtime period - Chris Thorburn wins face-off versus Martin Erat in neutral zone.
0:12 of 1st overtime period - Wrist shot by Colby Armstrong.
0:12 of 1st overtime period - Deflect By Chris Thorburn.
0:12 of 1st overtime period - Shot Misses the Net.
0:12 of 1st overtime period - Puck is out of play.
0:13 of 1st overtime period - Martin Erat wins face-off versus Chris Thorburn in IceHogs zone.
0:26 of 1st overtime period - Kent Huskins is hit by Mark Eaton and loses puck.
0:58 of 1st overtime period - Slapshot by Ron Hainsey.
0:58 of 1st overtime period - Goal by Ron Hainsey - IceHogs : 2 - Bulldogs : 3.
Output by the SimonT Hockey Simulator (STHS) for Mario Henri -- Original Page W3C XHTML 1.0 Valid